 Dungeon Crawl Stone Soup version 0.28.0 (webtiles) character file.

Game seed: 5273270591702627639

100 Nonny the Twirler (level 4, -1/23 HPs)
             Began as a Vine Stalker Gladiator on Feb 5, 2022.
             Slain by Grinder (3 damage)
             ... while paralysed by Grinder
             ... on level 3 of the Dungeon.
             The game lasted 00:09:40 (1389 turns).

Nonny the Twirler (Vine Stalker Gladiator)          Turns: 1389, Time: 00:09:40

Health: -1/23      AC:  4    Str: 19    XL:     4   Next: 74%
Magic:  0/5        EV:  2    Int:  8    God:
Gold:   123        SH:  0    Dex: 15    Spells: 3/3 levels left

rFire   . . .      SeeInvis .   a - +0 quarterstaff
rCold   . . .      Faith    .   (shield currently unavailable)
rNeg    . . .      Spirit   +   b - +0 leather armour
rPois   .          Reflect  .   c - +0 helmet
rElec   .          Harm     .   (no cloak)
rCorr   .          Rampage  .   (no gloves)
Will    .....                   (no boots)
Stlth   +.........              (no amulet)
HPRegen 0.87/turn               (no ring)
MPRegen 0.09/turn               (no ring)

@: paralysed
A: fangs 2, regeneration 1, magic shield, antimagic bite, no potion heal 2
a: no special abilities


You were on level 3 of the Dungeon.
You visited 1 branch of the dungeon, and saw 3 of its levels.

You collected 123 gold pieces.

Inventory:

Hand Weapons
 a - a +0 quarterstaff (weapon)
Missiles
 d - 3 throwing nets (quivered)
 j - 2 poisoned darts
Armour
 b - a +0 leather armour (worn)
 c - a +0 helmet (worn)
Jewellery
 h - a +6 ring of dexterity
Wands
 n - a wand of acid (2)
Scrolls
 m - a scroll of holy word {unknown}
Potions
 g - a potion of attraction {unknown}


   Skills:
 + Level 2.1 Fighting
 + Level 4.0 Staves
 - Level 1.8 Throwing
 - Level 0.1 Armour
 + Level 3.1 Dodging
 * Level 0.4 Stealth


You had 3 spell levels left.
You didn't know any spells.
Your spell library contained the following spells:

 Spells                   Type           Power      Damage    Failure   Level
 Blink                    Tloc           0%         N/A       61%         2
 Lesser Beckoning         Tloc           0%         N/A       83%         3
 Manifold Assault         Tloc           0%         N/A       100%        5


Dungeon Overview and Level Annotations

Branches:
Dungeon (3/15)

Altars:

Annotations:
D:3 Grinder


Innate Abilities, Weirdness & Mutations

You have extremely sharp teeth.
Your natural rate of healing is unusually fast.
When hurt, damage is shared between your health and your magic reserves.
Your bite disrupts and absorbs the magic of your enemies.
Potions cannot restore your health.


Message History

You kill the ball python!
You see here a ball python corpse.
n - a wand of acid (2) Grinder comes into view.
Grinder blinks!
Okay, then.
As you read the scroll labelled OSYCZI WOEF, it crumbles to dust.
You assume a fearsome visage.
Grinder looks frightened!
It was a scroll of fear.
Grinder blinks!
Enter note: OSYCZI WOEF - fear You see here a ball python corpse.
There is a stone staircase leading up here.
As you read the scroll labelled MYILIB ITYG, it crumbles to dust.
You feel strangely unstable.
It was a scroll of teleportation.
Enter note: MYILIB ITYG - teleportation
As you read the scroll labelled NICOXK AWNATZU, it crumbles to dust.
It is a scroll of identify.
e - a potion of degeneration
Enter note: NICOXK AWNATZU - identify
Okay, then.
You drop a potion of degeneration.
Press: ? - help, v - describe, . - travel, g - get item Item here: a potion of degeneration.
A stone staircase leading up.
Enter note: red potion is degen
As you read the scroll labelled KATREA VUPP, it crumbles to dust.
Your body is wracked with pain!
It was a scroll of torment.
Your surroundings suddenly seem different.
A kobold and an iguana come into view.
The kobold shouts!
The iguana hisses angrily.
Enter note: KATREA VUPP - torment The kobold misses you.
The iguana bites you! Grinder gestures at you.
You suddenly lose the ability to move!
The iguana bites you but does no damage.
Grinder hits you!
* * * LOW HITPOINT WARNING * * *
You writhe in agony.
You die...

#############
##.....#.....##
##.............#
#...............
#...............
#...............
#.......5.......
#......K@l......
#...............
##.............#
##.....#.....##
#######.#####
#.## #..# #.#
#.#


You could see Grinder, an iguana and a kobold.

Vanquished Creatures
  3 gnolls (D:2)
  3 adders (D:2)
  A dart slug (D:1)
  An endoplasm (D:1)
  A giant cockroach (D:1)
  A goblin (D:1)
  3 hobgoblins
  4 jackals (D:1)
  A quokka (D:1)
  5 ball pythons
  3 bats
  3 frilled lizards
  7 kobolds
  12 rats
48 creatures vanquished.

Notes
Turn   | Place    | Note
-------+----------+-------------------------------------------
     0 | D:1      | Nonny the Vine Stalker Gladiator began the quest for the
                  | Orb.
     0 | D:1      | Reached XP level 1. HP: 11/11 MP: 2/2
     0 | D:1      | Starting vault: three down stairs past the translucent
                  | walls.
    20 | D:1      | Found a faded altar of an unknown god.
   105 | D:1      | Reached XP level 2. HP: 12/15 MP: 3/3
   152 | D:1      | Reached skill level 3 in Staves
   709 | D:2      | Reached XP level 3. HP: 18/18 MP: 4/4
   889 | D:2      | Gained mutation: Your natural rate of healing is unusually
                  | fast. [Vine Stalker growth]
   889 | D:2      | Reached XP level 4. HP: 8/23 MP: 5/5
   955 | D:1      | Up hatch is not viable.
  1085 | D:2      | Vault: rat and gold closets.
  1187 | D:2      | Reached skill level 4 in Staves
  1257 | D:2      | Not a very remarkable game so far.
  1351 | D:3      | Noticed Grinder
  1357 | D:3      | OSYCZI WOEF - fear
  1382 | D:3      | MYILIB ITYG - teleportation
  1383 | D:3      | NICOXK AWNATZU - identify
  1384 | D:3      | red potion is degen
  1385 | D:3      | KATREA VUPP - torment
  1388 | D:3      | Paralysed by Grinder for 2 turns
  1389 | D:3      | Slain by Grinder

Illustrated notes ######### #.......# +.>.>.>.+ #.......# ######### #.......# +...@...+ #.......# ######### Turn 0 on D:1: Starting vault: three down stairs past the translucent walls. ##### ###################### ....# #.............†......# .##.###.##################.# ........########## #.###### .................####### #....... .##.............@......# ######## .###################.#.# .# #.#.# .# #.#.# .# #.#.# .# #######.#.## .# #..........# ##### .# #.#####.#..# #.... .# #.# #.#†.# #.### Turn 955 on D:1: Up hatch is not viable. ####<..##.....##(........# #.......(.>...##.........# #.#######.....##.........# #. #.....##.........# #. #.....##.........# #.#######.....###......>## #..............###.....## #..#'#†#'#'#'#.# ####### #..#.#.#.#.#@#.# #..###########.# #..#.#.#.#(#.#.# #..#'#'#'#†#'#.# #........[.....# #.##......###### #. #..##### #. #.## #.#..# Turn 1085 on D:2: Vault: rat and gold closets.

##### #...# #########
##########...# ........#
##............###
#.......#########..#####.........
##..............@.#####..##..####
##.............#............#####
.................####...###.[....
#######........### #.### #......
#.........## #.# #......
#..........# #.# #...... ####
##.......#.####.#####...†.. ...#
#.#######.##..............
.).#####.#..........#######......


Turn 1257 on D:2: Not a very remarkable game so far. .. .. #§ #. #.## #..# #.#
#.# #@# #.# #.# #.# #.# #.## .! #..###### ###.# ##.##...####....# #.##........#
Turn 1357 on D:3: OSYCZI WOEF - fear #.#########.†>####### #†#...........#
#...#..######## #####.## #...# #####.### #......## #.......## #.....@..#
########...... ###### Turn 1382 on D:3: MYILIB ITYG - teleportation
#.#########.†>####### #†#...........# #...#..######## #####.## #...# #####.###
#......## #.......## #.....@..# ########...... ###### Turn 1383 on D:3: NICOXK
AWNATZU - identify #.#########.†>####### #†#...........# #...#..########
#####.## #...# #####.### #......## #.......## #.....@..# ########...... ######
Turn 1384 on D:3: red potion is degen ###### ###### ##.....#.....##
#.............# .......@....... ............... ............... ...............
............... .......K....... #.........5l..# ##.....#.....## #. Turn 1385 on
D:3: KATREA VUPP - torment

Levels and vault maps discovered:
D:1:      minmay_arrival_up_and_down, layout_loops_ring,
          chequers_ecumenical_altar_simple_redux
D:2:      layout_rooms, minmay_rat_gold_closets
D:3:      layout_rooms, uniq_terence, uniq_grinder

Skill      XL: |  1  2  3  4 |
---------------+-------------+-----
Staves         | 3 4 |  4.0
Fighting       | 2 |  2.1
Dodging        | 3 |  3.1
Throwing       | |  1.8
Armour         | |  0.1
Stealth        | |  0.4

Action                   |  1- 3 |  4- 6 || total
-------------------------+-------+-------++-------
Melee: Quarterstaff      |    63 |    33 ||    96
       Bite              |    18 |     5 ||    23
  Use: Scroll            |       |     4 ||     4
 Stab: Sleeping          |       |     1 ||     1
Armor: Leather armour    |    14 |     4 ||    18
Dodge: Dodged            |    37 |    18 ||    55
